[ AOE2 MATCH · #478518350 ]
Team RMAztecs vs Hindustanis
[ REPLAY ANALYSIS · EXTRACTED FROM THE RECORDED GAME ]
Feudal
11:41
Castle
17:08
Imperial
36:20
| APM avg | 27.6 |
| APM peak | 72 |
| eAPM avg | 14.5 |
| Villagers / military | 138 / 97 |
Focus
⚔️ 25.2% · 🌾 74.8%
Eagle Scout ×47 · Mangonel ×33 · Trade Cart ×22 · Spearman ×9 · Skirmisher ×8
Feudal
11:21
Castle
14:54
Imperial
30:42
| APM avg | 26.9 |
| APM peak | 59 |
| eAPM avg | 15.5 |
| Villagers / military | 138 / 271 |
Focus
⚔️ 38.4% · 🌾 61.6%
Throwing Axeman ×137 · Knight ×126 · Trade Cart ×44 · Monk ×5 · Bombard Cannon ×2 · Trebuchet (Packed) ×1
Feudal
11:32
Castle
15:07
Imperial
30:18
| APM avg | 43.7 |
| APM peak | 109 |
| eAPM avg | 30.0 |
| Villagers / military | 158 / 285 |
Focus
⚔️ 41.5% · 🌾 58.5%
Longbowman ×283 · Trade Cart ×21 · Monk ×2
Feudal
9:47
Castle
17:30
Imperial
45:49
| APM avg | 29.2 |
| APM peak | 69 |
| eAPM avg | 18.3 |
| Villagers / military | 135 / 41 |
Focus
⚔️ 35.5% · 🌾 64.5%
Unknown (1959) ×58 · Skirmisher ×33 · Battering Ram ×7 · Mangonel ×1 · Unknown (1962) ×1 · Trade Cart ×1
Feudal
9:38
Castle
20:59
Imperial
36:27
| APM avg | 42.8 |
| APM peak | 113 |
| eAPM avg | 21.9 |
| Villagers / military | 142 / 221 |
Focus
⚔️ 35.8% · 🌾 64.2%
Cavalry Archer ×148 · Knight ×56 · Archer ×17 · Trade Cart ×13
Feudal
10:19
Castle
14:25
Imperial
29:51
| APM avg | 38.1 |
| APM peak | 102 |
| eAPM avg | 19.2 |
| Villagers / military | 166 / 240 |
Focus
⚔️ 40.0% · 🌾 60.0%
Spearman ×172 · Bombard Cannon ×38 · Trade Cart ×30 · Hand Cannoneer ×30
Feudal
9:21
Castle
21:35
Imperial
32:21
| APM avg | 26.2 |
| APM peak | 50 |
| eAPM avg | 15.2 |
| Villagers / military | 121 / 173 |
Focus
⚔️ 24.7% · 🌾 75.3%
Hand Cannoneer ×135 · Bombard Cannon ×27 · Trade Cart ×14 · Scout Cavalry ×10 · Monk ×1
Feudal
10:07
Castle
13:54
Imperial
28:45
| APM avg | 36.3 |
| APM peak | 80 |
| eAPM avg | 20.6 |
| Villagers / military | 140 / 516 |
Focus
⚔️ 35.8% · 🌾 64.2%
Spearman ×245 · Militia ×225 · Bombard Cannon ×29 · Trade Cart ×17 · Huskarl ×13 · Petard ×2
Match map
Initial resources + every placement click. Lines = walls · curves = elevation contours. ◆ gold · ⬟ stone · ● berries · ✦ relic · ◌ wall gap
Your base· ✓ Closed at 17:08 · 0t walls · no gate
FloAoE's base· ✓ Closed at 14:54 · 0t walls · no gate
Ekonomski Tigar's base· Open — opponent sealed themselves in
KUKU77's base· ✓ Closed at 17:30 · 69t walls · 3 gate(s)
SaleMajstor's base· Open — opponent sealed themselves in
21's base· ✓ Closed at 14:25 · 0t walls · no gate
AgeOfEmperor's base· Open — opponent sealed themselves in
Athenaeis's base· Open — opponent sealed themselves in
Smoothed initial terrain · ◌ = detected wall gap · hover for details
Inputs per minute
— EA - - FloAoE
Build order — EA
First 150 of 356 actions detected
| 0:01 | Create | Villager (Male) ×4 |
| 0:03 | Build | House |
| 0:05 | Build | House |
| 1:27 | Create | Villager (Male) |
| 1:27 | Create | Villager (Male) |
| 1:44 | Build | Lumber Camp |
| 2:15 | Create | Villager (Male) |
| 2:15 | Create | Villager (Male) |
| 2:15 | Create | Villager (Male) |
| 2:57 | Create | Villager (Male) |
| 3:10 | Create | Villager (Male) |
| 3:12 | Build | House |
| 3:54 | Create | Villager (Male) ×2 |
| 4:48 | Create | Villager (Male) |
| 5:12 | Create | Villager (Male) |
| 5:23 | Build | Mill |
| 5:36 | Build | House |
| 5:38 | Build | House |
| 5:38 | Build | House |
| 5:39 | Build | House |
| 5:45 | Create | Villager (Male) |
| 5:49 | Create | Villager (Male) ×3 |
| 5:49 | Create | Villager (Male) ×3 |
| 6:08 | Create | Villager (Male) |
| 6:08 | Create | Villager (Male) |
| 6:18 | Create | Villager (Male) |
| 6:18 | Create | Villager (Male) |
| 7:14 | Create | Villager (Male) |
| 7:14 | Create | Villager (Male) |
| 8:40 | Research | Feudal Age |
| 8:41 | Research | Loom |
| 9:09 | Build | Mining Camp |
| 10:04 | Build | Farm |
| 10:05 | Build | Farm |
| 10:06 | Build | Farm |
| 10:13 | Create | Villager (Male) |
| 10:13 | Create | Villager (Male) |
| 10:13 | Create | Villager (Male) |
| 11:11 | Build | Barracks |
| 11:29 | Build | Farm |
| 11:41 | Age | Feudal Age |
| 11:44 | Build | Barracks |
| 11:50 | Build | Blacksmith |
| 11:53 | Research | Double-Bit Axe |
| 12:21 | Build | Barracks |
| 12:55 | Build | Farm |
| 13:08 | Build | Farm |
| 13:19 | Create | Villager (Male) |
| 13:32 | Build | Archery Range |
| 13:37 | Create | Spearman |
| 13:52 | Create | Villager (Male) |
| 14:13 | Create | Spearman |
| 14:13 | Create | Spearman |
| 14:28 | Research | Castle Age |
| 14:29 | Research | Castle Age |
| 14:36 | Create | Spearman |
| 14:39 | Create | Skirmisher |
| 14:39 | Create | Skirmisher |
| 14:40 | Create | Skirmisher |
| 14:56 | Create | Villager (Male) |
| 15:01 | Build | House |
| 15:02 | Build | House |
| 15:05 | Research | Fletching |
| 15:24 | Build | Archery Range |
| 15:28 | Create | Spearman |
| 15:33 | Research | Forging |
| 15:34 | Create | Villager (Male) |
| 15:49 | Create | Skirmisher |
| 15:49 | Create | Skirmisher |
| 17:07 | Create | Spearman |
| 17:07 | Create | Spearman |
| 17:08 | Create | Spearman |
| 17:08 | Age | Castle Age |
| 17:09 | Create | Spearman |
| 17:17 | Research | Eagle Warrior (upgrade) |
| 17:18 | Create | Eagle Scout |
| 17:19 | Create | Eagle Scout |
| 17:28 | Build | Town Center |
| 17:34 | Build | Mining Camp |
| 17:36 | Create | Villager (Male) |
| 17:54 | Create | Skirmisher |
| 17:54 | Create | Skirmisher |
| 17:56 | Create | Skirmisher |
| 18:30 | Build | Farm |
| 18:34 | Research | Horse Collar |
| 18:44 | Build | Farm |
| 19:10 | Create | Villager (Male) |
| 19:24 | Build | Market |
| 19:31 | Create | Villager (Male) |
| 19:37 | Build | Farm |
| 19:43 | Create | Eagle Scout |
| 19:58 | Create | Eagle Scout |
| 20:17 | Create | Villager (Male) |
| 20:19 | Create | Villager (Male) |
| 20:23 | Build | Farm |
| 21:11 | Create | Villager (Male) |
| 21:12 | Create | Villager (Male) |
| 21:12 | Create | Villager (Male) |
| 21:27 | Build | Town Center |
| 21:45 | Create | Villager (Male) |
| 21:46 | Create | Villager (Male) |
| 21:54 | Build | Farm |
| 21:57 | Create | Villager (Male) |
| 22:12 | Build | Farm |
| 22:13 | Build | Farm |
| 22:14 | Build | Farm |
| 23:06 | Create | Villager (Male) |
| 23:06 | Create | Villager (Male) |
| 23:07 | Create | Villager (Male) |
| 23:07 | Create | Villager (Male) |
| 23:11 | Research | Wheelbarrow |
| 23:44 | Create | Villager (Male) |
| 23:45 | Create | Villager (Male) |
| 23:52 | Create | Villager (Male) |
| 23:57 | Build | Town Center |
| 24:00 | Create | Villager (Male) |
| 24:00 | Create | Villager (Male) |
| 24:05 | Create | Villager (Male) |
| 24:06 | Create | Villager (Male) |
| 24:06 | Create | Villager (Male) |
| 24:08 | Build | Farm |
| 24:09 | Build | Farm |
| 24:52 | Create | Villager (Male) |
| 24:52 | Create | Villager (Male) |
| 24:52 | Create | Villager (Male) |
| 24:53 | Create | Villager (Male) |
| 24:57 | Build | Farm |
| 24:58 | Build | Farm |
| 25:00 | Build | Farm |
| 25:01 | Build | Farm |
| 25:11 | Build | Farm |
| 25:13 | Build | Farm |
| 25:27 | Build | Castle |
| 25:33 | Create | Villager (Male) |
| 25:36 | Build | Farm |
| 25:37 | Create | Villager (Male) |
| 25:37 | Create | Villager (Male) |
| 25:40 | Create | Villager (Male) |
| 25:40 | Create | Villager (Male) |
| 25:51 | Build | Lumber Camp |
| 25:55 | Create | Villager (Male) |
| 25:59 | Build | Farm |
| 26:26 | Create | Villager (Male) |
| 26:26 | Create | Villager (Male) |
| 26:27 | Create | Villager (Male) |
| 26:28 | Create | Villager (Male) |
| 26:28 | Create | Villager (Male) |
| 26:35 | Create | Villager (Male) |
| 26:40 | Research | Bow Saw |
| 26:45 | Research | Heavy Plow |
Build order — FloAoE
First 150 of 378 actions detected
| 0:01 | Create | Villager (Male) |
| 0:01 | Create | Villager (Male) |
| 0:03 | Build | House |
| 0:04 | Build | House |
| 0:11 | Create | Villager (Male) |
| 0:24 | Create | Villager (Male) |
| 1:31 | Create | Villager (Male) |
| 2:01 | Create | Villager (Male) |
| 2:16 | Create | Villager (Male) |
| 2:28 | Build | Lumber Camp |
| 2:47 | Create | Villager (Male) |
| 3:06 | Create | Villager (Male) |
| 3:24 | Build | House |
| 3:25 | Build | House |
| 3:30 | Create | Villager (Male) |
| 4:03 | Create | Villager (Male) |
| 4:26 | Create | Villager (Male) |
| 4:26 | Create | Villager (Male) |
| 5:10 | Create | Villager (Male) |
| 5:32 | Create | Villager (Male) |
| 5:37 | Build | Mill |
| 5:57 | Create | Villager (Male) |
| 6:00 | Create | Villager (Male) |
| 6:11 | Create | Villager (Male) |
| 7:15 | Create | Villager (Male) |
| 7:18 | Build | Mining Camp |
| 7:38 | Build | House |
| 7:52 | Create | Villager (Male) |
| 8:20 | Create | Villager (Male) |
| 8:41 | Research | Loom |
| 8:42 | Research | Feudal Age |
| 8:48 | Build | Farm |
| 8:51 | Build | Farm |
| 11:02 | Create | Villager (Male) |
| 11:03 | Create | Villager (Male) |
| 11:21 | Age | Feudal Age |
| 11:23 | Build | Market |
| 11:26 | Build | Blacksmith |
| 11:50 | Build | Farm |
| 11:52 | Build | Farm |
| 11:56 | Research | Double-Bit Axe |
| 12:14 | Research | Castle Age |
| 13:11 | Build | Farm |
| 13:12 | Build | Farm |
| 13:14 | Build | Farm |
| 13:15 | Build | Farm |
| 14:10 | Build | House |
| 14:11 | Build | House |
| 14:45 | Create | Villager (Male) |
| 14:54 | Age | Castle Age |
| 14:58 | Build | Barracks |
| 14:59 | Create | Villager (Male) |
| 15:07 | Build | Town Center |
| 15:07 | Create | Villager (Male) |
| 15:12 | Create | Villager (Male) |
| 15:19 | Research | Bow Saw |
| 15:32 | Create | Villager (Male) |
| 15:38 | Create | Villager (Male) |
| 15:40 | Build | Farm |
| 16:06 | Create | Villager (Male) |
| 16:14 | Build | Stable |
| 16:27 | Create | Villager (Male) |
| 16:29 | Create | Villager (Male) |
| 16:29 | Create | Villager (Male) |
| 16:42 | Build | House |
| 16:48 | Create | Villager (Male) |
| 16:57 | Build | Town Center |
| 17:01 | Create | Villager (Male) |
| 17:06 | Create | Villager (Male) |
| 17:08 | Research | Wheelbarrow |
| 17:09 | Create | Villager (Male) |
| 17:12 | Create | Villager (Male) |
| 17:31 | Create | Villager (Male) |
| 17:36 | Build | Farm |
| 17:40 | Build | House |
| 17:41 | Build | House |
| 17:43 | Create | Villager (Male) |
| 17:56 | Create | Villager (Male) |
| 17:58 | Build | Farm |
| 18:04 | Create | Villager (Male) |
| 18:22 | Build | Farm |
| 18:23 | Build | Farm |
| 18:28 | Build | Farm |
| 18:30 | Build | Farm |
| 18:31 | Build | Farm |
| 18:34 | Build | Farm |
| 18:34 | Create | Villager (Male) ×2 |
| 18:37 | Build | House |
| 18:38 | Build | House |
| 18:57 | Build | Farm |
| 18:59 | Build | Farm |
| 19:00 | Build | Farm |
| 19:06 | Build | Farm |
| 19:09 | Build | Farm |
| 19:09 | Create | Villager (Male) |
| 19:10 | Create | Villager (Male) |
| 19:15 | Create | Villager (Male) |
| 19:15 | Create | Villager (Male) |
| 19:21 | Build | Farm |
| 19:28 | Build | House |
| 19:29 | Build | House |
| 19:34 | Create | Villager (Male) |
| 19:40 | Create | Villager (Male) |
| 19:47 | Create | Villager (Male) |
| 20:03 | Create | Villager (Male) ×2 |
| 20:14 | Build | Town Center |
| 20:15 | Create | Villager (Male) |
| 20:19 | Build | Farm |
| 20:20 | Build | Farm |
| 20:21 | Build | Farm |
| 20:24 | Build | House |
| 20:32 | Build | House |
| 20:33 | Build | House |
| 20:40 | Create | Villager (Male) |
| 20:43 | Build | Farm |
| 20:44 | Build | Farm |
| 20:51 | Create | Villager (Male) |
| 20:52 | Create | Villager (Male) |
| 20:57 | Build | Mining Camp |
| 21:09 | Create | Villager (Male) |
| 21:10 | Create | Villager (Male) |
| 21:12 | Create | Villager (Male) ×5 |
| 21:15 | Create | Villager (Male) |
| 21:15 | Create | Villager (Male) |
| 21:33 | Create | Villager (Male) ×3 |
| 21:45 | Build | Farm |
| 21:46 | Create | Villager (Male) ×3 |
| 21:53 | Create | Villager (Male) |
| 21:56 | Build | Farm |
| 21:59 | Research | Gold Mining |
| 22:31 | Research | Hand Cart |
| 22:38 | Create | Villager (Male) ×2 |
| 22:52 | Build | Mining Camp |
| 22:58 | Create | Villager (Male) |
| 23:06 | Create | Villager (Male) |
| 23:10 | Build | Mining Camp |
| 23:14 | Create | Villager (Male) ×5 |
| 23:18 | Build | Farm |
| 23:19 | Build | Farm |
| 23:20 | Build | Farm |
| 23:21 | Build | Farm |
| 23:22 | Build | Farm |
| 23:25 | Build | Farm |
| 23:26 | Build | Farm |
| 23:29 | Build | Farm |
| 23:30 | Build | Farm |
| 23:32 | Build | Farm |
| 23:34 | Build | Farm |
| 23:35 | Create | Villager (Male) ×5 |
| 23:49 | Create | Villager (Male) ×2 |
Build order — Ekonomski Tigar
First 150 of 641 actions detected
| 0:00 | Create | Villager (Male) |
| 0:01 | Create | Villager (Male) |
| 0:01 | Create | Villager (Male) |
| 0:01 | Create | Villager (Male) |
| 0:03 | Build | House |
| 0:04 | Build | House |
| 1:21 | Create | Villager (Male) |
| 1:49 | Build | Lumber Camp |
| 1:59 | Create | Villager (Male) |
| 2:11 | Create | Villager (Male) |
| 2:27 | Create | Villager (Male) |
| 2:55 | Create | Villager (Male) |
| 3:09 | Build | House |
| 3:38 | Create | Villager (Male) |
| 3:49 | Build | Mill |
| 3:58 | Create | Villager (Male) |
| 4:47 | Create | Villager (Male) |
| 4:47 | Create | Villager (Male) |
| 4:48 | Create | Villager (Male) |
| 4:58 | Build | House |
| 5:14 | Create | Villager (Male) |
| 5:44 | Create | Villager (Male) |
| 5:59 | Create | Villager (Male) |
| 6:11 | Create | Villager (Male) |
| 6:11 | Create | Villager (Male) |
| 6:42 | Create | Villager (Male) |
| 6:42 | Create | Villager (Male) |
| 7:08 | Create | Villager (Male) |
| 7:16 | Create | Villager (Male) |
| 7:25 | Build | House |
| 7:26 | Build | House |
| 7:41 | Create | Villager (Male) |
| 8:10 | Create | Villager (Male) |
| 8:32 | Create | Villager (Male) |
| 8:34 | Build | Mining Camp |
| 8:49 | Research | Feudal Age |
| 9:05 | Build | Farm |
| 9:06 | Build | Farm |
| 10:00 | Build | Farm |
| 10:49 | Create | Villager (Male) |
| 10:50 | Create | Villager (Male) |
| 10:50 | Create | Villager (Male) |
| 11:32 | Age | Feudal Age |
| 11:35 | Research | Double-Bit Axe |
| 11:39 | Build | Market |
| 11:46 | Build | Blacksmith |
| 12:27 | Research | Castle Age |
| 12:29 | Research | Horse Collar |
| 12:47 | Build | Lumber Camp |
| 13:09 | Create | Villager (Male) |
| 13:09 | Create | Villager (Male) |
| 13:27 | Build | Farm |
| 13:28 | Build | Farm |
| 13:33 | Build | Farm |
| 13:42 | Create | Villager (Male) |
| 15:07 | Age | Castle Age |
| 15:23 | Build | Town Center |
| 15:27 | Build | Town Center |
| 15:42 | Build | Town Center |
| 15:47 | Create | Villager (Male) |
| 15:51 | Research | Heavy Plow |
| 15:52 | Build | Farm |
| 15:54 | Build | Farm |
| 16:23 | Create | Villager (Male) |
| 16:24 | Create | Villager (Male) |
| 16:27 | Build | Farm |
| 16:42 | Create | Villager (Male) |
| 16:42 | Create | Villager (Male) |
| 16:50 | Build | Farm |
| 16:50 | Build | Farm |
| 16:50 | Build | Farm |
| 16:51 | Build | Farm |
| 16:51 | Build | Farm |
| 16:51 | Build | Farm |
| 16:58 | Create | Villager (Male) |
| 17:02 | Create | Villager (Male) |
| 17:04 | Build | Farm |
| 17:04 | Build | Farm |
| 17:05 | Build | Farm |
| 17:05 | Build | Farm |
| 17:17 | Build | Farm |
| 17:26 | Create | Villager (Male) |
| 17:31 | Build | Farm |
| 17:32 | Create | Villager (Male) |
| 17:43 | Build | Farm |
| 17:43 | Build | Farm |
| 17:43 | Build | Farm |
| 17:44 | Build | Farm |
| 17:46 | Create | Villager (Male) |
| 17:46 | Create | Villager (Male) |
| 18:00 | Build | Farm |
| 18:03 | Build | Farm |
| 18:04 | Create | Villager (Male) |
| 18:08 | Build | Farm |
| 18:13 | Create | Villager (Male) |
| 18:13 | Create | Villager (Male) |
| 18:19 | Create | Villager (Male) |
| 18:24 | Build | Farm |
| 18:33 | Build | Farm |
| 18:36 | Create | Villager (Male) |
| 18:41 | Create | Villager (Male) |
| 18:48 | Build | Farm |
| 18:49 | Create | Villager (Male) |
| 18:53 | Create | Villager (Male) |
| 18:53 | Create | Villager (Male) |
| 18:53 | Create | Villager (Male) |
| 18:59 | Build | Farm |
| 19:06 | Create | Villager (Male) |
| 19:06 | Create | Villager (Male) |
| 19:15 | Build | Farm |
| 19:18 | Create | Villager (Male) |
| 19:18 | Create | Villager (Male) |
| 19:25 | Build | House |
| 19:31 | Build | House |
| 19:37 | Create | Villager (Male) |
| 19:38 | Create | Villager (Male) |
| 19:40 | Create | Villager (Male) |
| 19:49 | Build | Farm |
| 20:00 | Create | Villager (Male) |
| 20:00 | Create | Villager (Male) |
| 20:00 | Create | Villager (Male) |
| 20:06 | Create | Villager (Male) |
| 20:09 | Build | Farm |
| 20:18 | Create | Villager (Male) |
| 20:18 | Create | Villager (Male) |
| 20:21 | Create | Villager (Male) |
| 20:27 | Create | Villager (Male) |
| 20:27 | Create | Villager (Male) |
| 20:29 | Build | House |
| 20:30 | Build | House |
| 20:31 | Build | House |
| 20:32 | Create | Villager (Male) |
| 20:48 | Research | Bow Saw |
| 20:49 | Create | Villager (Male) |
| 20:54 | Build | House |
| 20:56 | Create | Villager (Male) |
| 21:05 | Create | Villager (Male) |
| 21:07 | Build | Farm |
| 21:13 | Build | Mill |
| 21:13 | Build | Farm |
| 21:14 | Build | Farm |
| 21:14 | Build | Farm |
| 21:21 | Create | Villager (Male) |
| 21:21 | Create | Villager (Male) |
| 21:21 | Create | Villager (Male) |
| 21:26 | Create | Villager (Male) |
| 21:30 | Build | Farm |
| 21:32 | Build | Farm |
| 21:36 | Build | Farm |
| 21:38 | Create | Villager (Male) |
Build order — KUKU77
First 150 of 312 actions detected
| 0:00 | Create | Villager (Male) |
| 0:01 | Create | Villager (Male) |
| 0:01 | Create | Villager (Male) |
| 0:02 | Build | House |
| 0:03 | Build | House |
| 0:12 | Create | Villager (Male) |
| 0:12 | Create | Villager (Male) |
| 1:35 | Create | Villager (Male) |
| 1:44 | Build | Lumber Camp |
| 1:56 | Create | Villager (Male) |
| 2:14 | Create | Villager (Male) |
| 2:52 | Create | Villager (Male) |
| 2:52 | Create | Villager (Male) |
| 3:18 | Create | Villager (Male) |
| 3:39 | Create | Villager (Male) |
| 3:42 | Create | Villager (Male) |
| 3:50 | Build | House |
| 3:59 | Create | Villager (Male) |
| 3:59 | Create | Villager (Male) |
| 4:38 | Create | Villager (Male) |
| 4:38 | Create | Villager (Male) |
| 5:04 | Build | Mill |
| 5:34 | Create | Villager (Male) |
| 5:35 | Create | Villager (Male) |
| 5:39 | Build | House |
| 6:28 | Create | Villager (Male) |
| 6:28 | Create | Villager (Male) |
| 6:35 | Create | Villager (Male) |
| 6:35 | Create | Villager (Male) |
| 6:53 | Research | Loom |
| 7:24 | Build | Mining Camp |
| 7:37 | Research | Feudal Age |
| 7:50 | Build | House |
| 8:27 | Build | House |
| 8:41 | Build | Palisade Wall |
| 8:45 | Build | Palisade Wall |
| 8:47 | Build | Palisade Wall |
| 8:53 | Build | Palisade Wall |
| 8:56 | Build | Palisade Wall |
| 8:59 | Build | Palisade Wall |
| 9:02 | Build | Palisade Wall |
| 9:03 | Build | Palisade Wall |
| 9:05 | Build | Palisade Wall |
| 9:47 | Build | Palisade Wall |
| 9:47 | Age | Feudal Age |
| 9:53 | Create | Villager (Male) |
| 9:53 | Create | Villager (Male) |
| 9:56 | Research | Double-Bit Axe |
| 10:04 | Build | Palisade Wall |
| 10:05 | Build | Palisade Wall |
| 10:27 | Build | Palisade Wall |
| 10:50 | Create | Villager (Male) |
| 10:51 | Create | Villager (Male) |
| 11:09 | Build | Stone Wall |
| 11:13 | Build | Mining Camp |
| 11:31 | Build | Stone Wall |
| 11:35 | Create | Villager (Male) |
| 11:49 | Build | Stone Wall |
| 12:04 | Build | Gate |
| 12:13 | Create | Villager (Male) |
| 12:14 | Create | Villager (Male) |
| 13:15 | Build | Blacksmith |
| 13:20 | Build | Market |
| 13:27 | Create | Villager (Male) |
| 13:56 | Build | Market |
| 14:33 | Build | Gate |
| 14:48 | Create | Villager (Male) |
| 14:50 | Research | Castle Age |
| 15:28 | Build | Mining Camp |
| 15:34 | Build | Stone Wall |
| 15:48 | Build | Stone Wall |
| 16:41 | Build | Gate |
| 16:50 | Build | Gate |
| 17:01 | Create | Villager (Male) |
| 17:27 | Build | Mining Camp |
| 17:30 | Age | Castle Age |
| 17:34 | Build | Siege Workshop |
| 17:41 | Research | Horse Collar |
| 18:04 | Build | Farm |
| 18:06 | Build | Farm |
| 18:09 | Create | Villager (Male) |
| 18:15 | Create | Mangonel |
| 18:48 | Build | Farm |
| 18:56 | Build | Farm |
| 19:19 | Build | Farm |
| 19:21 | Build | Farm |
| 19:41 | Create | Villager (Male) |
| 19:49 | Build | House |
| 20:04 | Build | Farm |
| 20:17 | Create | Villager (Male) |
| 20:29 | Create | Villager (Male) |
| 20:37 | Build | House |
| 20:38 | Build | House |
| 20:39 | Build | House |
| 20:44 | Create | Villager (Male) |
| 21:18 | Research | Bow Saw |
| 21:52 | Create | Unit 1962 |
| 22:06 | Create | Villager (Male) |
| 22:06 | Create | Villager (Male) |
| 22:37 | Build | Castle |
| 22:41 | Create | Villager (Male) |
| 23:08 | Create | Villager (Male) |
| 23:17 | Build | House |
| 23:26 | Create | Villager (Male) |
| 23:29 | Create | Villager (Male) |
| 23:41 | Create | Villager (Male) |
| 23:43 | Build | Farm |
| 24:04 | Create | Battering Ram |
| 24:07 | Create | Unit 1959 |
| 24:14 | Build | Farm |
| 24:16 | Build | Farm |
| 24:18 | Build | Farm |
| 24:23 | Create | Unit 1959 |
| 24:35 | Build | Farm |
| 24:46 | Create | Unit 1959 |
| 24:57 | Build | Lumber Camp |
| 25:06 | Create | Villager (Male) |
| 25:20 | Create | Villager (Male) |
| 25:28 | Create | Battering Ram |
| 25:31 | Create | Villager (Male) |
| 25:39 | Create | Unit 1959 |
| 25:39 | Create | Unit 1959 |
| 25:49 | Build | Farm |
| 25:51 | Build | Farm |
| 26:04 | Create | Battering Ram |
| 26:05 | Create | Unit 1959 |
| 26:05 | Create | Unit 1959 |
| 26:26 | Build | Farm |
| 26:27 | Build | Farm |
| 26:29 | Create | Villager (Male) |
| 26:34 | Create | Unit 1959 |
| 27:02 | Create | Battering Ram |
| 27:02 | Create | Battering Ram |
| 27:05 | Create | Unit 1959 |
| 27:12 | Create | Villager (Male) |
| 27:14 | Create | Villager (Male) |
| 27:34 | Create | Unit 1959 |
| 27:36 | Create | Battering Ram |
| 27:47 | Create | Unit 1959 |
| 27:48 | Create | Unit 1959 |
| 28:06 | Create | Unit 1959 |
| 28:06 | Create | Unit 1959 |
| 28:28 | Create | Unit 1959 |
| 28:41 | Create | Unit 1959 |
| 28:42 | Create | Unit 1959 |
| 28:58 | Create | Unit 1959 |
| 29:01 | Build | House |
| 29:02 | Build | House |
| 29:05 | Build | Mill |
| 29:06 | Build | Farm |
Build order — SaleMajstor
First 150 of 485 actions detected
| 0:18 | Create | Villager (Male) |
| 0:18 | Create | Villager (Male) |
| 0:19 | Create | Villager (Male) |
| 0:19 | Create | Villager (Male) |
| 1:28 | Create | Villager (Male) |
| 2:10 | Create | Villager (Male) |
| 2:30 | Build | Lumber Camp |
| 2:38 | Create | Villager (Male) |
| 2:54 | Create | Villager (Male) |
| 3:08 | Create | Villager (Male) |
| 3:35 | Create | Villager (Male) |
| 3:42 | Create | Villager (Male) |
| 3:57 | Create | Villager (Male) |
| 4:18 | Create | Villager (Male) |
| 4:56 | Create | Villager (Male) |
| 5:24 | Create | Villager (Male) |
| 5:50 | Create | Villager (Male) |
| 6:51 | Build | Mining Camp |
| 7:03 | Research | Loom |
| 7:15 | Research | Feudal Age |
| 8:06 | Build | Barracks |
| 9:34 | Build | Mill |
| 9:38 | Age | Feudal Age |
| 9:39 | Build | Archery Range |
| 9:44 | Create | Villager (Male) |
| 9:46 | Create | Villager (Male) |
| 9:51 | Research | Double-Bit Axe |
| 9:56 | Create | Villager (Male) |
| 10:33 | Create | Archer |
| 10:34 | Create | Archer |
| 10:34 | Create | Archer |
| 10:45 | Build | Blacksmith |
| 10:49 | Create | Villager (Male) |
| 11:02 | Research | Horse Collar |
| 11:14 | Create | Villager (Male) |
| 11:26 | Create | Villager (Male) |
| 11:27 | Build | Farm |
| 11:39 | Research | Fletching |
| 11:47 | Create | Archer |
| 11:53 | Build | Farm |
| 11:55 | Build | Farm |
| 12:04 | Create | Villager (Male) |
| 12:10 | Create | Archer |
| 12:52 | Create | Archer |
| 12:54 | Create | Villager (Male) |
| 12:54 | Create | Villager (Male) |
| 12:57 | Build | Farm |
| 13:00 | Build | Farm |
| 13:07 | Create | Archer |
| 13:15 | Create | Villager (Male) |
| 13:19 | Create | Villager (Male) |
| 13:23 | Build | Farm |
| 13:45 | Create | Archer |
| 13:51 | Create | Villager (Male) |
| 13:51 | Create | Villager (Male) |
| 13:55 | Build | Farm |
| 14:23 | Create | Villager (Male) |
| 14:23 | Create | Villager (Male) |
| 14:25 | Build | Farm |
| 14:46 | Create | Archer |
| 14:47 | Create | Villager (Male) |
| 14:51 | Build | Farm |
| 15:00 | Create | Archer |
| 15:14 | Create | Archer |
| 15:16 | Create | Villager (Male) |
| 15:21 | Build | Market |
| 15:25 | Create | Villager (Male) |
| 15:27 | Build | Farm |
| 15:35 | Create | Archer |
| 15:55 | Build | Farm |
| 16:36 | Create | Archer |
| 16:36 | Create | Archer |
| 17:16 | Create | Archer |
| 17:17 | Create | Villager (Male) |
| 17:19 | Build | Farm |
| 17:21 | Build | Farm |
| 17:26 | Build | Farm |
| 17:29 | Build | Farm |
| 17:31 | Create | Villager (Male) |
| 18:02 | Create | Villager (Male) |
| 18:03 | Build | Farm |
| 18:07 | Build | Farm |
| 18:09 | Build | Farm |
| 18:16 | Research | Castle Age |
| 18:35 | Create | Archer |
| 19:00 | Create | Archer |
| 19:04 | Create | Villager (Male) |
| 19:24 | Build | Archery Range |
| 19:26 | Build | Archery Range |
| 19:29 | Create | Villager (Male) |
| 19:29 | Create | Villager (Male) |
| 19:36 | Research | Padded Archer Armor |
| 20:15 | Build | Stone Wall |
| 20:15 | Build | Stone Wall |
| 20:17 | Build | Stone Wall |
| 20:21 | Build | Stone Wall |
| 20:24 | Build | Stone Wall |
| 20:26 | Build | Stone Wall |
| 20:29 | Create | Villager (Male) |
| 20:59 | Age | Castle Age |
| 21:03 | Build | Town Center |
| 21:25 | Build | Stable |
| 21:28 | Create | Villager (Male) |
| 21:29 | Create | Villager (Male) |
| 21:29 | Create | Villager (Male) |
| 21:30 | Create | Villager (Male) |
| 22:08 | Create | Villager (Male) |
| 22:26 | Build | Town Center |
| 22:31 | Create | Villager (Male) |
| 22:31 | Create | Villager (Male) |
| 22:31 | Create | Villager (Male) |
| 22:31 | Create | Villager (Male) |
| 22:32 | Create | Villager (Male) |
| 22:32 | Create | Villager (Male) |
| 22:58 | Build | Stone Wall |
| 23:01 | Create | Villager (Male) |
| 23:02 | Create | Villager (Male) |
| 23:02 | Create | Villager (Male) |
| 23:07 | Build | Mining Camp |
| 23:19 | Create | Villager (Male) |
| 23:19 | Create | Villager (Male) |
| 23:20 | Create | Villager (Male) |
| 23:32 | Research | Bodkin Arrow |
| 23:39 | Create | Villager (Male) |
| 23:39 | Create | Villager (Male) |
| 23:39 | Create | Villager (Male) |
| 23:47 | Build | Farm |
| 23:51 | Create | Villager (Male) |
| 23:53 | Create | Cavalry Archer |
| 23:53 | Create | Cavalry Archer |
| 23:54 | Create | Cavalry Archer |
| 24:14 | Create | Cavalry Archer |
| 24:18 | Build | Farm |
| 24:19 | Create | Villager (Male) |
| 24:19 | Create | Villager (Male) |
| 24:20 | Create | Villager (Male) |
| 24:20 | Create | Villager (Male) |
| 24:20 | Create | Villager (Male) |
| 24:21 | Create | Villager (Male) |
| 24:36 | Create | Cavalry Archer |
| 24:36 | Create | Cavalry Archer |
| 24:39 | Create | Villager (Male) |
| 24:40 | Create | Villager (Male) |
| 24:52 | Create | Villager (Male) |
| 24:52 | Create | Villager (Male) |
| 24:53 | Create | Villager (Male) |
| 25:02 | Create | Cavalry Archer |
| 25:18 | Build | Gate |
| 25:23 | Build | Stone Wall |
| 25:26 | Create | Villager (Male) |
Build order — 21
First 150 of 401 actions detected
| 0:01 | Create | Villager (Male) ×4 |
| 0:02 | Build | House |
| 0:03 | Build | House |
| 1:25 | Create | Villager (Male) |
| 1:49 | Build | Lumber Camp |
| 2:03 | Create | Villager (Male) |
| 2:18 | Create | Villager (Male) |
| 2:36 | Create | Villager (Male) |
| 2:58 | Build | House |
| 2:59 | Build | House |
| 3:12 | Create | Villager (Male) |
| 3:41 | Create | Villager (Male) |
| 4:15 | Create | Villager (Male) ×2 |
| 4:42 | Build | Mill |
| 4:52 | Create | Villager (Male) |
| 4:53 | Create | Villager (Male) |
| 5:38 | Create | Villager (Male) |
| 6:26 | Create | Villager (Male) |
| 6:26 | Create | Villager (Male) |
| 7:06 | Create | Villager (Male) |
| 7:07 | Create | Villager (Male) |
| 7:26 | Build | Mining Camp |
| 8:09 | Research | Feudal Age |
| 9:34 | Create | Villager (Male) |
| 9:34 | Create | Villager (Male) |
| 10:19 | Age | Feudal Age |
| 10:29 | Build | Market |
| 10:36 | Build | Blacksmith |
| 10:42 | Build | Blacksmith |
| 11:45 | Research | Castle Age |
| 11:46 | Research | Double-Bit Axe |
| 12:27 | Research | Horse Collar |
| 13:33 | Create | Villager (Male) |
| 13:33 | Create | Villager (Male) |
| 14:05 | Build | House |
| 14:18 | Build | House |
| 14:19 | Build | House |
| 14:19 | Build | House |
| 14:25 | Age | Castle Age |
| 14:26 | Research | Loom |
| 14:34 | Build | Town Center |
| 14:43 | Build | Town Center |
| 14:55 | Create | Villager (Male) |
| 14:55 | Create | Villager (Male) |
| 15:04 | Build | Farm |
| 15:07 | Build | Farm |
| 15:17 | Build | Farm |
| 15:18 | Build | Farm |
| 15:18 | Build | Farm |
| 16:13 | Create | Villager (Male) |
| 16:13 | Create | Villager (Male) |
| 16:13 | Create | Villager (Male) |
| 16:16 | Build | Farm |
| 16:19 | Build | Farm |
| 16:21 | Build | Farm |
| 16:31 | Create | Villager (Male) |
| 16:34 | Build | Farm |
| 16:35 | Build | Farm |
| 16:35 | Build | Farm |
| 16:43 | Create | Villager (Male) |
| 16:53 | Build | Farm |
| 17:08 | Build | Farm |
| 17:15 | Create | Villager (Male) |
| 17:15 | Create | Villager (Male) |
| 17:15 | Create | Villager (Male) |
| 17:16 | Create | Villager (Male) |
| 17:16 | Create | Villager (Male) |
| 17:16 | Create | Villager (Male) |
| 17:21 | Build | Farm |
| 17:21 | Build | Farm |
| 17:22 | Build | Farm |
| 17:28 | Create | Villager (Male) |
| 17:39 | Create | Villager (Male) |
| 17:40 | Create | Villager (Male) |
| 17:44 | Build | Farm |
| 17:45 | Build | Farm |
| 17:45 | Build | Farm |
| 17:57 | Create | Villager (Male) |
| 18:00 | Build | House |
| 18:01 | Build | House |
| 18:01 | Build | House |
| 18:27 | Create | Villager (Male) |
| 18:27 | Create | Villager (Male) |
| 18:28 | Create | Villager (Male) |
| 18:29 | Create | Villager (Male) |
| 18:34 | Build | Farm |
| 18:35 | Build | Farm |
| 18:44 | Build | Farm |
| 18:46 | Create | Villager (Male) |
| 18:46 | Create | Villager (Male) |
| 19:11 | Research | Bow Saw |
| 19:16 | Create | Villager (Male) |
| 19:24 | Create | Villager (Male) |
| 19:29 | Create | Villager (Male) |
| 19:37 | Build | Mining Camp |
| 19:43 | Create | Villager (Male) |
| 19:45 | Build | House |
| 19:46 | Build | House |
| 19:46 | Build | House |
| 19:50 | Build | Farm |
| 19:52 | Build | Farm |
| 19:55 | Create | Villager (Male) |
| 19:55 | Create | Villager (Male) |
| 20:14 | Research | Wheelbarrow |
| 20:22 | Create | Villager (Male) |
| 20:22 | Create | Villager (Male) |
| 20:29 | Build | Farm |
| 20:29 | Build | Farm |
| 20:35 | Create | Villager (Male) |
| 20:37 | Build | House |
| 20:45 | Create | Villager (Male) |
| 20:45 | Create | Villager (Male) |
| 20:54 | Build | Farm |
| 20:55 | Build | Farm |
| 20:59 | Build | Farm |
| 21:00 | Build | Farm |
| 21:04 | Create | Villager (Male) |
| 21:04 | Create | Villager (Male) |
| 21:16 | Research | Heavy Plow |
| 21:23 | Build | House |
| 21:24 | Build | House |
| 21:25 | Build | House |
| 21:29 | Create | Villager (Male) |
| 21:29 | Create | Villager (Male) |
| 21:54 | Create | Villager (Male) |
| 21:55 | Create | Villager (Male) |
| 21:58 | Create | Villager (Male) |
| 21:58 | Create | Villager (Male) |
| 21:58 | Create | Villager (Male) |
| 22:02 | Build | Farm |
| 22:12 | Build | Farm |
| 22:13 | Build | Farm |
| 22:14 | Build | Farm |
| 22:19 | Create | Villager (Male) |
| 22:32 | Build | Town Center |
| 22:52 | Build | Lumber Camp |
| 22:55 | Create | Villager (Male) |
| 22:55 | Create | Villager (Male) |
| 22:56 | Create | Villager (Male) |
| 22:56 | Create | Villager (Male) |
| 22:56 | Create | Villager (Male) |
| 22:56 | Create | Villager (Male) |
| 23:19 | Research | Hand Cart |
| 23:30 | Create | Villager (Male) |
| 23:30 | Create | Villager (Male) |
| 23:30 | Create | Villager (Male) |
| 23:51 | Create | Villager (Male) |
| 23:51 | Create | Villager (Male) |
| 23:51 | Create | Villager (Male) |
| 23:52 | Create | Villager (Male) |
Build order — AgeOfEmperor
First 150 of 361 actions detected
| 0:01 | Create | Villager (Male) |
| 0:04 | Build | House |
| 0:05 | Build | House |
| 0:25 | Create | Villager (Male) |
| 0:25 | Create | Villager (Male) |
| 0:26 | Create | Villager (Male) |
| 1:05 | Create | Villager (Male) |
| 1:05 | Create | Villager (Male) |
| 1:46 | Build | Lumber Camp |
| 1:55 | Create | Villager (Male) |
| 2:24 | Create | Villager (Male) |
| 2:58 | Create | Villager (Male) |
| 2:58 | Create | Villager (Male) |
| 3:21 | Build | House |
| 3:35 | Create | Villager (Male) |
| 3:35 | Create | Villager (Male) |
| 3:37 | Create | Villager (Male) |
| 3:37 | Create | Villager (Male) |
| 4:31 | Create | Villager (Male) |
| 5:11 | Create | Villager (Male) |
| 5:33 | Build | Mill |
| 5:51 | Create | Villager (Male) |
| 6:03 | Build | House |
| 6:21 | Create | Villager (Male) |
| 6:22 | Create | Villager (Male) |
| 7:07 | Research | Feudal Age |
| 7:14 | Build | Mining Camp |
| 8:23 | Build | Barracks |
| 8:47 | Create | Villager (Male) |
| 9:21 | Age | Feudal Age |
| 9:31 | Build | Stable |
| 9:36 | Create | Villager (Male) |
| 9:45 | Research | Double-Bit Axe |
| 10:04 | Create | Villager (Male) |
| 10:19 | Create | Scout Cavalry |
| 10:19 | Create | Scout Cavalry |
| 10:24 | Create | Villager (Male) |
| 10:27 | Research | Horse Collar |
| 10:37 | Create | Villager (Male) |
| 10:48 | Build | House |
| 10:53 | Create | Scout Cavalry |
| 10:57 | Build | Farm |
| 10:57 | Build | Farm |
| 10:57 | Build | Farm |
| 10:59 | Build | Farm |
| 11:07 | Create | Villager (Male) |
| 11:11 | Build | Farm |
| 11:49 | Create | Scout Cavalry |
| 11:59 | Build | Farm |
| 12:03 | Build | Farm |
| 12:06 | Build | Farm |
| 12:09 | Build | House |
| 12:10 | Build | House |
| 12:20 | Create | Villager (Male) |
| 12:34 | Create | Villager (Male) |
| 12:36 | Build | Farm |
| 12:55 | Create | Scout Cavalry |
| 13:07 | Create | Scout Cavalry |
| 13:18 | Build | Farm |
| 13:18 | Build | Farm |
| 13:18 | Build | Farm |
| 13:24 | Create | Villager (Male) |
| 13:25 | Create | Villager (Male) |
| 13:28 | Create | Scout Cavalry |
| 13:41 | Create | Villager (Male) |
| 13:46 | Build | House |
| 13:47 | Build | House |
| 13:52 | Build | Farm |
| 14:06 | Create | Scout Cavalry |
| 14:17 | Create | Villager (Male) |
| 14:24 | Build | Farm |
| 14:33 | Create | Scout Cavalry |
| 14:39 | Build | Farm |
| 14:44 | Create | Scout Cavalry |
| 15:00 | Create | Villager (Male) |
| 15:05 | Build | Farm |
| 15:10 | Build | Farm |
| 15:18 | Create | Villager (Male) |
| 15:23 | Build | House |
| 15:43 | Build | Farm |
| 15:44 | Create | Villager (Male) |
| 15:46 | Build | Farm |
| 15:47 | Build | Farm |
| 15:51 | Build | Farm |
| 15:54 | Create | Villager (Male) |
| 16:38 | Create | Villager (Male) |
| 16:44 | Build | Blacksmith |
| 17:08 | Research | Bloodlines |
| 17:09 | Create | Villager (Male) |
| 17:09 | Create | Villager (Male) |
| 17:26 | Build | Market |
| 17:27 | Build | House |
| 17:27 | Build | House |
| 17:45 | Create | Villager (Male) |
| 17:46 | Research | Gold Mining |
| 17:54 | Build | Lumber Camp |
| 18:14 | Create | Villager (Male) |
| 18:55 | Research | Castle Age |
| 19:36 | Research | Scale Barding Armor |
| 19:42 | Build | Stable |
| 20:04 | Build | Farm |
| 20:06 | Build | Farm |
| 20:29 | Research | Wheelbarrow |
| 21:35 | Age | Castle Age |
| 21:40 | Build | Town Center |
| 21:46 | Build | Town Center |
| 21:48 | Create | Villager (Male) |
| 22:07 | Research | Bow Saw |
| 22:14 | Create | Villager (Male) |
| 22:34 | Create | Villager (Male) |
| 23:08 | Research | Hand Cart |
| 23:10 | Research | Heavy Plow |
| 23:30 | Create | Villager (Male) |
| 23:31 | Create | Villager (Male) |
| 23:40 | Create | Villager (Male) |
| 23:41 | Create | Villager (Male) |
| 23:41 | Create | Villager (Male) |
| 23:44 | Create | Villager (Male) |
| 23:45 | Create | Villager (Male) |
| 23:52 | Build | Farm |
| 23:53 | Build | Farm |
| 24:00 | Create | Villager (Male) |
| 24:03 | Build | Lumber Camp |
| 24:21 | Create | Villager (Male) |
| 24:22 | Create | Villager (Male) |
| 24:24 | Create | Villager (Male) |
| 24:24 | Create | Villager (Male) |
| 24:28 | Research | Gold Shaft Mining |
| 24:35 | Research | Stone Mining |
| 24:39 | Build | Lumber Camp |
| 24:46 | Build | House |
| 24:47 | Build | House |
| 24:48 | Build | House |
| 24:52 | Create | Villager (Male) |
| 25:12 | Create | Villager (Male) |
| 25:13 | Create | Villager (Male) |
| 25:23 | Research | Loom |
| 25:29 | Build | Farm |
| 25:39 | Build | Farm |
| 25:39 | Build | Farm |
| 25:39 | Build | Farm |
| 25:39 | Build | Farm |
| 25:43 | Build | Farm |
| 25:44 | Build | Farm |
| 25:48 | Create | Villager (Male) |
| 25:49 | Create | Villager (Male) |
| 25:50 | Create | Villager (Male) |
| 25:50 | Create | Villager (Male) |
| 25:55 | Create | Villager (Male) |
| 26:09 | Create | Villager (Male) |
Build order — Athenaeis
First 150 of 423 actions detected
| 0:01 | Create | Villager (Male) ×4 |
| 0:02 | Build | House |
| 0:03 | Build | House |
| 1:25 | Create | Villager (Male) |
| 1:45 | Build | Lumber Camp |
| 2:00 | Create | Villager (Male) |
| 2:19 | Create | Villager (Male) |
| 2:47 | Create | Villager (Male) |
| 3:04 | Create | Villager (Male) |
| 3:43 | Create | Villager (Male) |
| 4:06 | Create | Villager (Male) |
| 4:10 | Build | House |
| 4:31 | Build | Mill |
| 4:37 | Create | Villager (Male) |
| 4:37 | Create | Villager (Male) |
| 4:38 | Create | Villager (Male) |
| 5:08 | Create | Villager (Male) |
| 5:26 | Create | Villager (Male) |
| 5:36 | Create | Villager (Male) |
| 6:00 | Build | House |
| 6:25 | Create | Villager (Male) |
| 7:07 | Create | Villager (Male) |
| 7:38 | Build | Mining Camp |
| 7:51 | Research | Feudal Age |
| 9:26 | Create | Villager (Male) |
| 9:26 | Create | Villager (Male) |
| 10:07 | Age | Feudal Age |
| 10:21 | Build | Market |
| 10:24 | Build | Blacksmith |
| 11:14 | Research | Castle Age |
| 11:15 | Research | Double-Bit Axe |
| 11:32 | Research | Horse Collar |
| 12:03 | Build | Farm |
| 12:05 | Build | Farm |
| 12:18 | Build | House |
| 12:41 | Research | Forging |
| 12:43 | Build | Farm |
| 12:45 | Build | Farm |
| 13:35 | Create | Villager (Male) |
| 13:36 | Create | Villager (Male) |
| 13:54 | Age | Castle Age |
| 13:58 | Build | Town Center |
| 14:14 | Build | Town Center |
| 14:24 | Create | Villager (Male) |
| 14:40 | Research | Bow Saw |
| 15:07 | Build | Farm |
| 15:08 | Create | Villager (Male) |
| 15:15 | Build | Farm |
| 15:19 | Create | Villager (Male) |
| 15:20 | Create | Villager (Male) |
| 15:20 | Create | Villager (Male) |
| 15:24 | Build | Farm |
| 15:29 | Create | Villager (Male) |
| 15:37 | Create | Villager (Male) |
| 15:40 | Build | Farm |
| 15:45 | Build | Farm |
| 15:46 | Create | Villager (Male) |
| 15:55 | Build | Farm |
| 15:57 | Create | Villager (Male) |
| 16:01 | Build | Farm |
| 16:06 | Build | Farm |
| 16:11 | Build | House |
| 16:13 | Create | Villager (Male) |
| 16:32 | Create | Villager (Male) |
| 16:40 | Create | Villager (Male) |
| 16:46 | Build | Farm |
| 16:47 | Build | Farm |
| 16:48 | Build | Farm |
| 16:51 | Build | House |
| 16:52 | Build | House |
| 16:54 | Build | Farm |
| 16:55 | Build | Farm |
| 16:58 | Create | Villager (Male) |
| 17:04 | Build | Farm |
| 17:10 | Create | Villager (Male) |
| 17:12 | Build | Farm |
| 17:25 | Create | Villager (Male) |
| 17:33 | Build | Farm |
| 17:34 | Build | Farm |
| 17:35 | Create | Villager (Male) |
| 17:37 | Build | Farm |
| 17:42 | Build | Farm |
| 17:45 | Create | Villager (Male) |
| 17:53 | Build | House |
| 17:54 | Build | House |
| 17:56 | Create | Villager (Male) |
| 17:57 | Create | Villager (Male) |
| 18:07 | Create | Villager (Male) |
| 18:14 | Create | Villager (Male) |
| 18:14 | Create | Villager (Male) |
| 18:21 | Build | Farm |
| 18:22 | Build | Farm |
| 18:22 | Create | Villager (Male) |
| 18:28 | Create | Villager (Male) |
| 18:35 | Create | Villager (Male) |
| 18:39 | Build | Farm |
| 18:44 | Create | Villager (Male) |
| 18:52 | Create | Villager (Male) |
| 18:58 | Create | Villager (Male) |
| 19:01 | Build | House |
| 19:02 | Build | House |
| 19:03 | Create | Villager (Male) |
| 19:09 | Create | Villager (Male) |
| 19:20 | Build | Palisade Wall |
| 19:22 | Create | Villager (Male) ×2 |
| 19:29 | Create | Villager (Male) |
| 19:39 | Create | Villager (Male) ×2 |
| 19:48 | Create | Villager (Male) |
| 19:51 | Create | Villager (Male) |
| 19:54 | Build | Farm |
| 19:56 | Build | Farm |
| 20:01 | Build | Farm |
| 20:05 | Build | Farm |
| 20:06 | Create | Villager (Male) ×3 |
| 20:11 | Build | House |
| 20:11 | Build | House |
| 20:34 | Create | Villager (Male) |
| 20:46 | Research | Loom |
| 20:48 | Research | Wheelbarrow |
| 20:51 | Research | Heavy Plow |
| 21:08 | Build | House |
| 21:09 | Build | House |
| 21:12 | Create | Villager (Male) |
| 21:23 | Create | Villager (Male) |
| 21:23 | Create | Villager (Male) |
| 21:23 | Create | Villager (Male) |
| 21:28 | Create | Villager (Male) |
| 21:53 | Create | Villager (Male) |
| 22:10 | Build | Town Center |
| 22:13 | Create | Villager (Male) |
| 22:17 | Create | Villager (Male) |
| 22:33 | Create | Villager (Male) |
| 22:33 | Create | Villager (Male) |
| 22:34 | Create | Villager (Male) |
| 22:37 | Build | House |
| 22:39 | Build | House |
| 22:41 | Create | Villager (Male) |
| 22:49 | Create | Villager (Male) |
| 22:59 | Create | Villager (Male) |
| 23:07 | Build | Castle |
| 23:10 | Create | Villager (Male) |
| 23:12 | Build | Farm |
| 23:14 | Build | Farm |
| 23:15 | Build | Farm |
| 23:16 | Build | Farm |
| 23:17 | Build | Farm |
| 23:19 | Build | Farm |
| 23:25 | Create | Villager (Male) |
| 23:25 | Create | Villager (Male) |
| 23:25 | Create | Villager (Male) |
Match timeline
| 8:06 | SaleMajstor · first_building Barracks |
| 8:23 | AgeOfEmperor · first_building Barracks |
| 8:41 | KUKU77 · wall_segment Palisade Wall x1 |
| 8:45 | KUKU77 · wall_segment Palisade Wall x1 |
| 8:47 | KUKU77 · wall_segment Palisade Wall x1 |
| 8:53 | KUKU77 · wall_segment Palisade Wall x1 |
| 8:56 | KUKU77 · wall_segment Palisade Wall x1 |
| 8:59 | KUKU77 · wall_segment Palisade Wall x1 |
| 9:02 | KUKU77 · wall_segment Palisade Wall x1 |
| 9:03 | KUKU77 · wall_segment Palisade Wall x1 |
| 9:05 | KUKU77 · wall_segment Palisade Wall x1 |
| 9:21 | AgeOfEmperor · age_up feudal |
| 9:31 | AgeOfEmperor · first_building Stable |
| 9:38 | SaleMajstor · age_up feudal |
| 9:39 | SaleMajstor · first_building Archery Range |
| 9:47 | KUKU77 · age_up feudal |
| 9:47 | KUKU77 · wall_segment Palisade Wall x1 |
| 10:04 | KUKU77 · wall_segment Palisade Wall x1 |
| 10:05 | KUKU77 · wall_segment Palisade Wall x1 |
| 10:07 | Athenaeis · age_up feudal |
| 10:19 | 21 · age_up feudal |
| 10:27 | KUKU77 · wall_segment Palisade Wall x1 |
| 11:09 | KUKU77 · wall_segment Stone Wall x20 |
| 11:11 | EA · first_building Barracks |
| 11:21 | FloAoE · age_up feudal |
| 11:31 | KUKU77 · wall_segment Stone Wall x5 |
| 11:32 | Ekonomski Tigar · age_up feudal |
| 11:41 | EA · age_up feudal |
| 11:49 | KUKU77 · wall_segment Stone Wall x4 |
| 13:32 | EA · first_building Archery Range |
| 13:47 | Athenaeis · first_market_buy 100 wood |
| 13:54 | Athenaeis · age_up castle |
| 14:25 | 21 · age_up castle |
| 14:54 | FloAoE · age_up castle |
| 14:58 | FloAoE · first_building Barracks |
| 15:07 | Ekonomski Tigar · age_up castle |
| 15:23 | KUKU77 · first_market_buy 100 stone |
| 15:34 | KUKU77 · wall_segment Stone Wall x27 |
| 15:35 | Ekonomski Tigar · first_market_sell 100 wood |
| 15:38 | Ekonomski Tigar · first_market_buy 100 stone |
| 15:39 | KUKU77 · first_market_sell 100 wood |
| 15:48 | KUKU77 · wall_segment Stone Wall x1 |
| 16:14 | FloAoE · first_building Stable |
| 17:08 | EA · age_up castle |
| 17:14 | 21 · first_market_buy 100 food |
| 17:30 | KUKU77 · age_up castle |
| 17:34 | KUKU77 · first_building Siege Workshop |
| 18:14 | SaleMajstor · first_market_sell 100 food |
| 19:20 | Athenaeis · wall_segment Palisade Wall x1 |
| 20:15 | SaleMajstor · wall_segment Stone Wall x1 |
| 20:15 | SaleMajstor · wall_segment Stone Wall x1 |
| 20:17 | SaleMajstor · wall_segment Stone Wall x1 |
| 20:21 | SaleMajstor · wall_segment Stone Wall x1 |
| 20:24 | SaleMajstor · wall_segment Stone Wall x1 |
| 20:26 | SaleMajstor · wall_segment Stone Wall x1 |
| 20:59 | SaleMajstor · age_up castle |
| 21:25 | SaleMajstor · first_building Stable |
| 21:35 | AgeOfEmperor · age_up castle |
| 22:04 | EA · first_market_buy 100 wood |
| 22:14 | SaleMajstor · first_market_buy 100 wood |
| 22:37 | KUKU77 · first_building Castle |
| 22:58 | SaleMajstor · wall_segment Stone Wall x32 |
| 23:07 | Athenaeis · first_building Castle |
| 24:06 | Ekonomski Tigar · wall_segment Palisade Wall x1 |
| 24:20 | Ekonomski Tigar · wall_segment Palisade Wall x1 |
| 24:53 | Athenaeis · first_market_sell 100 food |
| 25:23 | 21 · first_building Monastery |
| 25:23 | SaleMajstor · wall_segment Stone Wall x14 |
| 25:27 | EA · first_building Castle |
| 25:43 | Athenaeis · first_building Barracks |
| 26:03 | Ekonomski Tigar · first_building Monastery |
| 26:40 | 21 · first_building Barracks |
| 26:58 | FloAoE · first_building Monastery |
| 27:06 | Athenaeis · first_building Siege Workshop |
| 27:11 | FloAoE · first_building Castle |
| 27:29 | AgeOfEmperor · first_building Monastery |
| 27:45 | SaleMajstor · wall_segment Stone Wall x4 |
| 27:53 | Ekonomski Tigar · first_building Castle |
| 27:58 | EA · first_building Siege Workshop |
| 28:45 | Athenaeis · age_up imperial |
| 29:05 | 21 · first_building Siege Workshop |
| 29:36 | AgeOfEmperor · first_building Siege Workshop |
| 29:51 | 21 · age_up imperial |
| 30:18 | Ekonomski Tigar · age_up imperial |
| 30:23 | FloAoE · first_building Siege Workshop |
| 30:28 | AgeOfEmperor · first_building Castle |
| 30:31 | SaleMajstor · first_building Castle |
| 30:42 | FloAoE · age_up imperial |
| 31:06 | 21 · first_building Castle |
| 32:12 | AgeOfEmperor · first_building Archery Range |
| 32:21 | AgeOfEmperor · age_up imperial |
| 33:04 | EA · first_market_sell 500 wood |
| 34:59 | KUKU77 · wall_segment Stone Wall x1 |
| 35:23 | KUKU77 · wall_segment Stone Wall x1 |
| 35:24 | Athenaeis · first_building Archery Range |
| 36:20 | EA · age_up imperial |
| 36:27 | SaleMajstor · age_up imperial |
| 36:30 | Ekonomski Tigar · tribute_sent a jugador 1 |
| 36:30 | Ekonomski Tigar · tribute_sent a jugador 3 |
| 36:30 | Ekonomski Tigar · tribute_sent a jugador 4 |
| 36:30 | Ekonomski Tigar · tribute_sent a jugador 5 |
| 36:30 | Ekonomski Tigar · tribute_sent a jugador 6 |
| 36:30 | Ekonomski Tigar · tribute_sent a jugador 7 |
| 36:30 | Ekonomski Tigar · tribute_sent a jugador 8 |
| 39:04 | SaleMajstor · tribute_sent a jugador 1 |
| 39:04 | SaleMajstor · tribute_sent a jugador 2 |
| 39:04 | SaleMajstor · tribute_sent a jugador 3 |
| 39:04 | SaleMajstor · tribute_sent a jugador 5 |
| 39:04 | SaleMajstor · tribute_sent a jugador 6 |
| 39:04 | SaleMajstor · tribute_sent a jugador 7 |
| 39:04 | SaleMajstor · tribute_sent a jugador 8 |
| 41:07 | KUKU77 · first_building Barracks |
| 42:18 | KUKU77 · first_building Archery Range |
| 43:33 | 21 · first_building Archery Range |
| 44:10 | Ekonomski Tigar · tribute_sent a jugador 1 |
| 44:10 | Ekonomski Tigar · tribute_sent a jugador 3 |
| 44:10 | Ekonomski Tigar · tribute_sent a jugador 4 |
| 44:10 | Ekonomski Tigar · tribute_sent a jugador 5 |
| 44:10 | Ekonomski Tigar · tribute_sent a jugador 6 |
| 44:10 | Ekonomski Tigar · tribute_sent a jugador 7 |
| 44:10 | Ekonomski Tigar · tribute_sent a jugador 8 |
| 44:25 | Ekonomski Tigar · tribute_sent a jugador 1 |
| 44:25 | Ekonomski Tigar · tribute_sent a jugador 3 |
| 44:25 | Ekonomski Tigar · tribute_sent a jugador 4 |
| 44:25 | Ekonomski Tigar · tribute_sent a jugador 5 |
| 44:25 | Ekonomski Tigar · tribute_sent a jugador 6 |
| 44:25 | Ekonomski Tigar · tribute_sent a jugador 7 |
| 44:25 | Ekonomski Tigar · tribute_sent a jugador 8 |
| 45:49 | KUKU77 · age_up imperial |
| 45:54 | Ekonomski Tigar · tribute_sent a jugador 1 |
| 45:54 | Ekonomski Tigar · tribute_sent a jugador 3 |
| 45:54 | Ekonomski Tigar · tribute_sent a jugador 4 |
| 45:54 | Ekonomski Tigar · tribute_sent a jugador 5 |
| 45:54 | Ekonomski Tigar · tribute_sent a jugador 6 |
| 45:54 | Ekonomski Tigar · tribute_sent a jugador 7 |
| 45:54 | Ekonomski Tigar · tribute_sent a jugador 8 |
| 46:09 | Ekonomski Tigar · tribute_sent a jugador 1 |
| 46:09 | Ekonomski Tigar · tribute_sent a jugador 3 |
| 46:09 | Ekonomski Tigar · tribute_sent a jugador 4 |
| 46:09 | Ekonomski Tigar · tribute_sent a jugador 5 |
| 46:09 | Ekonomski Tigar · tribute_sent a jugador 6 |
| 46:09 | Ekonomski Tigar · tribute_sent a jugador 7 |
| 46:09 | Ekonomski Tigar · tribute_sent a jugador 8 |
| 46:44 | Ekonomski Tigar · tribute_sent a jugador 1 |
| 46:44 | Ekonomski Tigar · tribute_sent a jugador 3 |
| 46:44 | Ekonomski Tigar · tribute_sent a jugador 4 |
| 46:44 | Ekonomski Tigar · tribute_sent a jugador 5 |
| 46:44 | Ekonomski Tigar · tribute_sent a jugador 6 |
| 46:44 | Ekonomski Tigar · tribute_sent a jugador 7 |
| 46:44 | Ekonomski Tigar · tribute_sent a jugador 8 |
| 48:24 | 21 · resign |
[ AI ANALYSIS · 1 CREDIT ]
What really happened in this match?
Wolo.gg analyzes every decision: build order, eco, micro, common mistakes by bracket. Personalized analysis on WhatsApp or Discord in 30 seconds.
Civ guide
Aztecs
Map guide
Amazon Tunnel
Perfil
Jugador #230029